 Dungeon Crawl Stone Soup version 0.19.5 (webtiles) character file.

336 Da5id the Ruffian (level 6, -9/52 HPs)
             Began as a Ghoul Monk on Mar 14, 2017.
             Mangled by an ogre
             ... wielding a +0 giant club
              (24 damage)
             ... on level 4 of the Dungeon.
             The game lasted 00:02:07 (1987 turns).

Da5id the Ruffian (Ghoul Monk)                      Turns: 1987, Time: 00:02:08

Health: -9/52      AC:  9    Str: 17    XL:     6   Next: 54%
Magic:  5/5        EV:  7    Int:  5    God:
Gold:   207        SH:  0    Dex: 11    Spells: 0 memorised, 5 levels left

rFire  . . .     SeeInvis .       - Unarmed
rCold  + . .     Gourm    .     e - +0 chain mail
rNeg   + + +     Faith    .     (no shield)
rPois  ∞         Spirit   .     (no helmet)
rElec  .         Reflect  .     (no cloak)
rCorr  +         Harm     .     n - +0 pair of gloves
MR     .....                    (no boots)
Stlth  ..........               (no amulet)
                                t - ring of stealth
                                p - ring of resist corrosion

@: rotting
A: rotting body, claws 1, carnivore 3, cold resistance 1, negative energy
resistance 3, slow regeneration 1, torment resistance, unbreathing
a: no special abilities


You were on level 4 of the Dungeon.
You were hungry.

You visited 1 branch of the dungeon, and saw 4 of its levels.

You collected 207 gold pieces.

Inventory:

Armour
 a - a +0 robe
 e - a +0 chain mail (worn)
 n - a +0 pair of gloves (worn)
Jewellery
 k - an uncursed ring of ice
 p - a ring of resist corrosion (left hand)
 t - a ring of stealth (right hand)
Wands
 u - a wand of random effects (10/48)
Scrolls
 d - 2 scrolls of identify {unknown}
 g - a scroll of noise {unknown}
 h - a scroll of blinking {unknown}
 i - a scroll of enchant armour {unknown}
 l - a scroll of amnesia {unknown}
 m - 2 scrolls of enchant weapon {unknown}
 o - a scroll of immolation {unknown}
 q - a scroll of fog {unknown}
 v - a scroll of teleportation {unknown}
Potions
 c - a potion of lignification {unknown}
 r - a potion of mutation {unknown}
 w - a potion of might {unknown}
Comestibles
 b - a meat ration
 f - 2 chunks of flesh
 j - 2 fruits
 s - a bread ration


   Skills:
 + Level 3.8 Fighting
 + Level 1.2 Armour
 - Level 2.6 Dodging
 - Level 2.1 Stealth
 * Level 7.3 Unarmed Combat


You had 5 spell levels left.
You didn't know any spells.

Dungeon Overview and Level Annotations

Branches:
Dungeon (4/15)
 Temple: D:4-7

Altars:


Innate Abilities, Weirdness & Mutations

Your body is rotting away.
You thrive on raw meat.
You are immune to poison.
You have sharp fingernails.
You are carnivorous and can eat meat at any time.
Your flesh is cold resistant. (rC+)
You are immune to negative energy. (rN+++)
You regenerate slowly when monsters are visible.
You are immune to unholy pain and torment.
You can survive without breathing.


Message History

You are too injured to fight recklessly!
You are too injured to fight recklessly!
You are too injured to fight recklessly!
You are too injured to fight recklessly!
You are too injured to fight recklessly!
You are too injured to fight recklessly!
You are too injured to fight recklessly!
You are too injured to fight recklessly!
You are too injured to fight recklessly!
You are too injured to fight recklessly!
You hit the ogre.
The ogre is heavily wounded.
You punch the ogre!
The ogre is almost dead.
The ogre hits you with a giant club!!
* * * LOW HITPOINT WARNING * * *
Your chain mail prevents you from hitting the ogre.
The ogre is almost dead.
The ogre hits you with a giant club!!
You die...

#. #.## ...# #..#
#..## ... #O# # #
#@#.# ..##.##.#.#
..........#
........##########
.....#.......#...##
.#####.#####......##
# #.............##.#
#..
#.##.............#
#...
#<##.##.......##


You could see an ogre.

Vanquished Creatures
  Sigmund (D:4)
  Ijyb (D:2)
  A worker ant (D:4)
  A howler monkey skeleton (D:4)
  4 adders
  An ooze (D:3)
  2 dart slugs (D:2)
  2 leopard geckos (D:3)
  2 orcs (D:3)
  6 giant cockroaches
  11 goblins
  14 hobgoblins
  3 quokkas
  2 ball pythons
  4 bats
  3 frilled lizards
  8 kobolds
  6 rats
72 creatures vanquished.

Notes
Turn   | Place    | Note
-------+----------+-------------------------------------------
     0 | D:1      | Da5id the Ghoul Monk began the quest for the Orb.
     0 | D:1      | Reached XP level 1. HP: 19/19 MP: 0/0
   614 | D:2      | Reached XP level 2. HP: 13/26 MP: 1/1
   880 | D:2      | Reached skill level 4 in Unarmed Combat
   965 | D:2      | Reached XP level 3. HP: 28/31 MP: 2/2
  1081 | D:2      | Reached skill level 5 in Unarmed Combat
  1139 | D:2      | Noticed Ijyb
  1156 | D:2      | Killed Ijyb
  1156 | D:2      | Reached XP level 4. HP: 36/38 MP: 3/3
  1440 | D:3      | Reached skill level 6 in Unarmed Combat
  1490 | D:3      | Reached XP level 5. HP: 45/45 MP: 4/4
  1900 | D:4      | Noticed Sigmund
  1908 | D:4      | Killed Sigmund
  1908 | D:4      | Reached skill level 1 in Armour
  1908 | D:4      | Reached skill level 7 in Unarmed Combat
  1908 | D:4      | Reached XP level 6. HP: 44/52 MP: 5/5
  1987 | D:4      | Mangled by an ogre

Skill      XL: |  1  2  3  4  5 |
---------------+----------------+-----
Unarmed Combat | 4 5 6 7 |  7.3
Armour         | 1 |  1.2
Fighting       | |  3.8
Dodging        | |  2.6
Stealth        | |  2.1

Action                   |  1- 3 |  4- 6 || total
-------------------------+-------+-------++-------
Melee: Unarmed           |   119 |   143 ||   262
       Punch             |     2 |     1 ||     3
  Eat: Chunk             |     2 |     1 ||     3
Armor: Chain mail        |    71 |    63 ||   134
Dodge: Dodged            |    35 |    49 ||    84
